 Dungeon Crawl Stone Soup version 0.29-a0-25-g7f48f510a0 (webtiles) character file.

Game seed: 10179301443072266064

744 Nattfarinn the Ogre Mage (level 7, -7/72 HPs)
             Began as an Ogre Hedge Wizard on Jan 31, 2022.
             Was an Initiate of Makhleb.
             Mangled by Pikel (20 damage)
             ... on level 5 of the Dungeon.
             The game lasted 00:12:28 (6677 turns).

Nattfarinn the Ogre Mage (Ogre Hedge Wizard)        Turns: 6677, Time: 00:12:28

Health: -7/72      AC:  4    Str: 15    XL:     7   Next: 76%
Magic:  15/15      EV:  9    Int: 17    God:    Makhleb [......]
Gold:   99         SH:  0    Dex:  8    Spells: 16/17 levels left

rFire   . . .      SeeInvis .   q - +2 whip (venom)
rCold   . . .      Faith    .   (no shield)
rNeg    . . .      Spirit   .   b - +0 robe
rPois   .          Reflect  .   f - +1 hat
rElec   .          Harm     .   (no cloak)
rCorr   .          Rampage  .   (gloves unavailable)
Will    .....                   (boots unavailable)
Stlth   +.........              (no amulet)
HPRegen 0.22/turn               (no ring)
MPRegen 0.14/turn               (no ring)

@: no status effects
A: large, unfitting armour, tough skin 1
a: Renounce Religion


You were on level 5 of the Dungeon.
You worshipped Makhleb.
Makhleb was noncommittal.
You visited 2 branches of the dungeon, and saw 6 of its levels.

You collected 99 gold pieces.

Inventory:

Hand Weapons
 a - a +0 dagger
 q - a +2 whip of venom (weapon)
Armour
 b - a +0 robe (worn)
 c - a +0 hat
 f - a +1 hat (worn)
 u - a scarf of harm
Magical Staves
 g - a staff of conjuration
Jewellery
 r - a ring of flight
Wands
 A - a wand of iceblast (7)
Scrolls
 d - a scroll of fog {unknown}
 e - a scroll of holy word {unknown}
 h - a scroll of identify
 j - a scroll of enchant armour {unknown}
 k - 2 scrolls of noise
 m - a scroll of magic mapping {unknown}
 o - 2 scrolls of torment {unknown}
 s - a scroll of fear {unknown}
 t - a scroll of silence {unknown}
 w - a scroll of immolation {unknown}
 x - a scroll of vulnerability {unknown}
 y - a scroll of amnesia {unknown}
Potions
 i - a potion of cancellation {unknown}
 l - a potion of curing
 n - a potion of haste {unknown}
 p - a potion of degeneration {unknown}
 v - a potion of flight {unknown}
 z - a potion of lignification {unknown}


   Skills:
 + Level 5.3 Fighting
 * Level 4.1 Maces & Flails
 - Level 1.7 Dodging
 - Level 1.4 Stealth
 - Level 5.5 Spellcasting
 - Level 3.2 Conjurations
 - Level 0.8 Summonings
 - Level 0.8 Translocations


You had 16 spell levels left.
You knew the following spells:

 Your Spells              Type           Power      Damage    Failure   Level
a - Magic Dart            Conj           60%        1d6       3%          1

Your spell library contained the following spells:

 Spells                   Type           Power      Damage    Failure   Level
 Animate Skeleton         Necr           8%         N/A       14%         1
 Pain                     Necr           16%        1d4       14%         1
 Slow                     Hex            16%        N/A       14%         1
 Blink                    Tloc           14%        N/A       14%         2
 Call Imp                 Summ           7%         N/A       14%         2
 Conjure Flame            Conj/Fire      10%        6-21      21%         3
 Mephitic Cloud           Conj/Pois/Air  8%         N/A       26%         3
 Inner Flame              Hex/Fire       4%         N/A       38%         3
 Vampiric Draining        Necr           4%         2d6       38%         3
 Cause Fear               Hex            2%         N/A       80%         4
 Discord                  Hex            2%         N/A       100%        8


Dungeon Overview and Level Annotations

Branches:
Dungeon (5/15)             Temple (1/1) D:4

Altars:
Ashenzari
Cheibriados
Dithmenos
Elyvilon
Fedhas
Gozag
Makhleb
Nemelex Xobeh
Qazlal
Ru
Vehumet
Wu Jian
Xom
Zin
The Shining One

Shops:
D:2 =

Annotations:
D:5 Blork the orc, Menkaure, Pikel


Innate Abilities, Weirdness & Mutations

You are too large for most types of armour.
You have tough skin. (AC +1)


Message History

The magic dart hits Pikel but does no damage.
Pikel shouts!
You hear a shout! x2
Okay, then.
You start resting.
Pikel is nearby!
You hit Pikel.
Pikel is poisoned.
Pikel is lightly wounded.
Pikel hits you with a +0 whip of electrocution.
You are electrocuted!!
You hit Pikel but do no damage.
Pikel is lightly wounded.
Pikel hits you with a +0 whip of electrocution!
You closely miss Pikel.
Pikel is lightly wounded.
Pikel zaps a wand.
You easily resist.
You closely miss Pikel.
Pikel is moderately wounded.
Pikel hits you but does no damage.
You are electrocuted!
You are too injured to fight recklessly!
You are too injured to fight recklessly!
Unknown command.
You hit Pikel.
Pikel looks as sick as possible!
Pikel is heavily wounded.
Pikel hits you with a +0 whip of electrocution!
* * * LOW HITPOINT WARNING * * *
You are electrocuted!
* * * LOW HITPOINT WARNING * * *
Unknown command.
You feel better.
Pikel drinks a potion.
Pikel is healed!
Press: ? - help, v - describe, . - travel
Here: Pikel, wielding a +0 whip of electrocution, wearing a +0 robe and carrying a wand of paralysis (7) (extremely poisoned)
The floor, spattered with blood.
Unknown command.
Unknown command.
As you read the scroll labelled KUIMOLOSU, it crumbles to dust.
It is a scroll of identify.
k - 2 scrolls of noise A lemure comes into view.
Pikel hits you but does no damage.
You are electrocuted!!
You die...

#..
#...#...#...#
#. #...#####
..# #.
#...#...#...#
##.###.#....(#
##...###K..##
#.....#.###.#
#.#...#...# .#
# #####...# #
#.#..@#...#
#....K#.##
##..5###..
#.###. ....
#.. 5 ...#..
#. .. #### . #
.. .#.


You could see Pikel (extremely poisoned) and 2 lemures.

Vanquished Creatures
  Eustachio (D:4)
  A phantom (D:4)
  A kobold brigand (D:4)
  2 jellies
  3 orc priests
  2 orc wizards
  A hound skeleton (D:4)
  A howler monkey zombie (D:4)
  A howler monkey skeleton (D:2)
  6 gnolls
  6 adders
  A worm (D:3)
  4 dart slugs
  18 orcs
  9 endoplasms
  3 giant cockroaches
  5 goblins
  7 hobgoblins
  4 jackals (D:3)
  9 kobolds
  2 quokkas
  6 ball pythons
  7 bats
  5 frilled lizards
  5 rats
110 creatures vanquished.

Vanquished Creatures (others)
  14 plants
14 creatures vanquished.

Grand Total: 124 creatures vanquished

Notes
Turn   | Place    | Note
-------+----------+-------------------------------------------
     0 | D:1      | Nattfarinn the Ogre Hedge Wizard began the quest for the
                  | Orb.
     0 | D:1      | Reached XP level 1. HP: 16/16 MP: 5/5
   201 | D:1      | Reached XP level 2. HP: 16/24 MP: 1/7
   758 | D:1      | Found a faded altar of an unknown god.
   848 | D:1      | Reached skill level 1 in Fighting
   963 | D:1      | Reached XP level 3. HP: 33/33 MP: 3/9
  1521 | D:2      | Found Bal Own's Jewellery Shop.
  1536 | D:2      | Reached XP level 4. HP: 40/44 MP: 3/10
  1981 | D:2      | Reached skill level 1 in Conjurations
  2266 | D:1      | Reached skill level 5 in Spellcasting
  2601 | D:2      | Reached XP level 5. HP: 48/53 MP: 1/12
  3766 | D:3      | Reached XP level 6. HP: 59/61 MP: 7/14
  4358 | D:4      | Reached skill level 1 in Maces & Flails
  5223 | D:4      | Reached XP level 7. HP: 46/71 MP: 11/15
  5574 | D:4      | Noticed Eustachio
  5586 | D:4      | Killed Eustachio
  5587 | D:4      | Reached skill level 5 in Fighting
  5871 | D:4      | Found a staircase to the Ecumenical Temple.
  5968 | Temple   | Entered the Ecumenical Temple
  6248 | Temple   | Became a worshipper of Makhleb the Destroyer
  6327 | D:5      | Entered Level 5 of the Dungeon
  6327 | D:5      | Noticed Blork the orc
  6327 | D:5      | Noticed Pikel
  6335 | D:5      | Noticed Menkaure
  6675 | D:5      | HP: 3/72 [Pikel (17)]
  6677 | D:5      | Mangled by Pikel

Illustrated notes

Levels and vault maps discovered:
D:1:      eino_arrival_water_star, layout_rooms,
          hellmonk_ecumenical_altar_heavens_door, lexackson_kobold_supper
D:2:      layout_basic, serial_shops, nicolae_shop_hallway_plus
D:3:      layout_loops_corners, minmay_cupped
D:4:      layout_rooms, temple_pool_b, amcnicky_mini_pool_small, uniq_eustachio
D:5:      nicolae_cairo_tiling, layout_cave_pods, mainiacjoe_overflow_boulevard,
          nicolae_sif_muna_condensation, trog_book, uniq_blork_the_orc,
          uniq_pikel, uniq_menkaure
Temple:   regret_index_temple_generic_petals

Skill      XL: |  1  2  3  4  5  6  7 |
---------------+----------------------+-----
Spellcasting   | 4 5 |  5.5
Fighting       | 1 2 3 4 5 |  5.3
Conjurations   | 2 3 |  3.2
Maces & Flails | 2 4 |  4.1
Dodging        | |  1.7
Stealth        | |  1.4
Summonings     | |  0.8
Translocations | |  0.8

Action                   |  1- 3 |  4- 6 |  7- 9 || total
-------------------------+-------+-------+-------++-------
Melee: Dagger            |    19 |       |       ||    19
       Staff             |    19 |    36 |       ||    55
       Whip              |       |    47 |    24 ||    71
 Cast: Magic Dart        |    75 |   177 |    65 ||   317
  Use: Potion            |       |     3 |     1 ||     4
       Scroll            |       |       |     1 ||     1
Armor: Robe              |    19 |    37 |     7 ||    63
Dodge: Dodged            |    20 |    56 |    15 ||    91

Table legend: (Time is in decaauts)
 A = Elapsed time spent in this place.
 B = Non-inter-level travel time spent in this place.
 C = Inter-level travel time spent in this place.
 D = Time resting spent in this place.
 E = Time spent auto-exploring this place.
 F = Levels seen in this place.
 G = Mean time per level.
                   A        B        C        D        E       F      G
               +--------+--------+--------+--------+--------+-----+--------+
         Total |   6703 |   6423 |    280 |   1231 |   4306 |   6 | 1117.2 |
       Dungeon |   6384 |   6225 |    159 |   1231 |   4121 |   5 | 1276.8 |
        Temple |    318 |    197 |    121 |      0 |    185 |   1 |  318.0 |
               +--------+--------+--------+--------+--------+-----+--------+

Top non-repeatable levels by time:
     D:1: 1868 daAuts
     D:3: 1675 daAuts
     D:4: 1527 daAuts
     D:2: 1139 daAuts
  Temple: 318 daAuts
     D:5: 174 daAuts
